 Seeded DCSS version 0.29.1-15-g9cfb28693d (webtiles) character file.

Game seed: 13097244426000423620 (custom seed)

173 Giavanni the Ruffian (level 5, -2/53 HPs)
             Began as a Troll Fighter on Mar 31, 2023.
             Slain by a goblin
             ... wielding a +0 dagger
             ... led by Robin
              (5 damage)
             ... on level 2 of the Dungeon.
             The game lasted 00:01:09 (910 turns).

Giavanni the Ruffian (Troll Fighter)                 Turns: 910, Time: 00:01:10

Health: -2/53      AC:  4    Str: 25 (26) XL:     5   Next: 28%
Magic:  4/4        EV:  8    Int:  1 (4)  God:
Gold:   36         SH:  7    Dex:  7 (9)  Spells: 4/4 levels left

rFire   + . .      SeeInvis .     - Unarmed
rCold   + . .      Faith    .   b - +0 kite shield
rNeg    . . .      Spirit   .   a - +0 robe
rPois   +          Reflect  .   (helmet restricted)
rElec   +          Harm     .   (no cloak)
rCorr   +          Rampage  .   (gloves unavailable)
Will    .....                   (boots unavailable)
Stlth   +.........              (no amulet)
HPRegen 0.97/turn               (no ring)
MPRegen 0.09/turn               (no ring)

@: resistant
A: large, unfitting armour, claws 3, regeneration 1, shaggy fur 1, tough skin 1
a: no special abilities


You were on level 2 of the Dungeon.
You visited 1 branch of the dungeon, and saw 2 of its levels.

You collected 36 gold pieces.

Inventory:

Missiles
 j - a throwing net (quivered)
Armour
 a - a +0 robe (worn)
 b - a +0 kite shield (worn)
Jewellery
 l - a ring of ice
Scrolls
 c - a scroll of fear {unknown}
 f - a scroll of fog {unknown}
 g - a scroll of blinking {unknown}
 h - 3 scrolls of identify {unknown}
 i - a scroll of enchant armour {unknown}
 k - a scroll of amnesia {unknown}
Potions
 d - a potion of degeneration


   Skills:
 + Level 3.0 Fighting
 + Level 3.1 Dodging
 + Level 3.4 Shields
 * Level 3.8 Unarmed Combat


You had 4 spell levels left.
You didn't know any spells.
Your spell library was empty.

Dungeon Overview and Level Annotations

Branches:
Dungeon (2/15)

Altars:

Annotations:
D:2 Robin


Innate Abilities, Weirdness & Mutations

You are too large for most types of armour.
You have claws for hands.
Your natural rate of healing is unusually fast.
You are covered in fur. (AC +1)
You have tough skin. (AC +1)


Message History

The endoplasm hits you but does no damage.
The goblin hits you with a +0 dagger. The hobgoblin barely misses you.
You block the hobgoblin's attack. The goblin barely misses you.
The endoplasm hits you but does no damage.
The goblin hits you but does no damage. The goblin hits you with a +0 dagger.
The goblin closely misses you.
Unknown command.
You claw the goblin!
You kill the goblin!
The goblin hits you with a +0 dagger. The goblin hits you but does no damage.
The endoplasm hits you but does no damage.
The goblin hits you but does no damage. Robin throws the goblin at you!
The hobgoblin hits you.
* * * LOW HITPOINT WARNING * * *
The hobgoblin hits you.
* * * LOW HITPOINT WARNING * * *
The goblin hits you but does no damage.
Unknown command.
Unknown command.
You closely miss the goblin. The goblin barely misses you.
The goblin hits you but does no damage. You block the goblin's attack.
You block the endoplasm's attack. The goblin hits you with a +0 club.
* * * LOW HITPOINT WARNING * * *
The hobgoblin hits you.
* * * LOW HITPOINT WARNING * * *
The hobgoblin barely misses you. The goblin hits you but does no damage.
Unknown command.
You scratch the goblin.
You kill the goblin!
The goblin hits you with a +0 dagger.
* * * LOW HITPOINT WARNING * * *
You block the goblin's attack. You block the hobgoblin's attack.
The endoplasm closely misses you. The goblin hits you with a +0 club.
* * * LOW HITPOINT WARNING * * *
The hobgoblin barely misses you.
Unknown command.
You claw the goblin!
You kill the goblin!
The goblin hits you with a +0 dagger.
You die...

... # ..# .#.#
.g# .#.#
###S##...
#.g....# #
#..gg..#.#
#.g.g....#
#####.>@g..#
......Jgg..#
#######.##.#####
###.##......
#.....# ##
#.....# #.....#
#.....# #.....#


You could see Robin, an adder, an endoplasm, 3 hobgoblins and 5 goblins.

Vanquished Creatures
  Sigmund (D:2)
  A ball python (D:1)
  A giant cockroach (D:1)
  7 goblins
  3 hobgoblins
  3 kobolds
  A quokka (D:1)
  2 bats
  3 rats (D:1)
22 creatures vanquished.

Notes
Turn   | Place    | Note
-------+----------+-------------------------------------------
     0 | D:1      | Giavanni the Troll Fighter began the quest for the Orb.
     0 | D:1      | Reached XP level 1. HP: 22/22 MP: 0/0
   109 | D:1      | Reached XP level 2. HP: 29/29 MP: 1/1
   742 | D:2      | Noticed Sigmund
   748 | D:2      | Killed Sigmund
   749 | D:2      | Reached XP level 3. HP: 12/37 MP: 2/2
   749 | D:2      | Reached XP level 4. HP: 15/45 MP: 3/3
   749 | D:2      | Reached XP level 5. HP: 17/53 MP: 4/4
   897 | D:2      | Noticed Robin
   909 | D:2      | HP: 2/53 [goblin/+0 club[Robin] (2)]
   910 | D:2      | Slain by a goblin

Illustrated notes

Levels and vault maps discovered:
D:1:      lightli_arrival_chessboard, layout_basic, grunt_decor_resistance
D:2:      minmay_chambers_of_ones, layout_loops_ring, uniq_sigmund, uniq_robin,
          uniq_terence

Skill      XL: |  1  2 |
---------------+-------+-----
Fighting       | 3 |  3.0
Dodging        | 3 |  3.1
Shields        | 3 |  3.4
Unarmed Combat | 3 |  3.8

Action                   |  1- 3 |  4- 6 || total
-------------------------+-------+-------++-------
Melee: Unarmed           |    31 |    15 ||    46
  Use: Potion            |     1 |     2 ||     3
Armor: Robe              |     8 |    17 ||    25
Dodge: Dodged            |     5 |    15 ||    20
Block: Kite shield       |     4 |    16 ||    20
